 Dungeon Crawl Stone Soup version 0.25.0-37-gb73750e (webtiles) character file.

Game seed: 8318201507203430904

375 Balder the Cudgeler (level 6, -8/53 HPs)
             Began as a Draconian Berserker on July 10, 2020.
             Was a Priest of Trog.
             Mangled by an iguana (15 damage)
             ... on level 4 of the Dungeon.
             The game lasted 00:12:01 (2814 turns).

Balder the Cudgeler (Draconian Berserker)           Turns: 2814, Time: 00:12:06

Health: -8/53      AC:  6    Str: 20    XL:     6   Next: 44%
Magic:  6/6        EV: 13    Int:  7    God:    Trog [***...]
Gold:   184        SH:  0    Dex: 12    Spells: 5/5 levels left

rFire    . . .     SeeInvis .   a - +0 mace
rCold    . . .     Gourm    .   (no shield)
rNeg     . . .     Faith    .   (armour unavailable)
rPois    .         Spirit   .   (helmet restricted)
rElec    .         Reflect  .   (no cloak)
rCorr    .         Harm     .   (no gloves)
MR       ++...                  (no boots)
Stlth    +.........             (no amulet)
HPRegen  1.17/turn              (no ring)
MPRegen  0.10/turn              (no ring)

@: berserk cooldown, regenerating, slowed, lightly drained, very slow
A: unfitting armour, cold-blooded, AC +6
a: Berserk, Trog's Hand, Renounce Religion


You were on level 4 of the Dungeon.
You worshipped Trog.
Trog was most pleased with you.
You were not hungry.

You visited 1 branch of the dungeon, and saw 4 of its levels.

You collected 184 gold pieces.

Inventory:

Hand Weapons
 a - a +0 mace (weapon)
 d - a +0 mace of holy wrath
 m - a +0 war axe
 p - a +0 mace of draining
Missiles
 f - 7 javelins (quivered)
 v - 7 atropa-tipped darts
 x - 7 poisoned darts
Scrolls
 c - 7 scrolls of identify {unknown}
 g - 4 scrolls of enchant weapon {unknown}
 h - a scroll of fear {unknown}
 n - 2 scrolls of teleportation {unknown}
 o - a scroll of immolation {unknown}
 q - 2 scrolls of remove curse {unknown}
 t - a scroll of magic mapping {unknown}
 w - a scroll of enchant armour {unknown}
Potions
 e - 2 potions of might {unknown}
 i - 2 potions of mutation {unknown}
 j - 2 potions of flight {unknown}
 k - a potion of invisibility {unknown}
 l - 2 potions of degeneration {unknown}
 r - 2 potions of curing
 s - a potion of lignification {unknown}
 u - a potion of resistance {unknown}
Comestibles
 b - 5 rations


   Skills:
 * Level 4.5(4.1) Fighting
 * Level 5.3(4.9) Maces & Flails
 * Level 1.8(1.4) Throwing
 * Level 3.9(3.4) Dodging
 + Level 0.3(0.0) Stealth


You had 5 spell levels left.
You didn't know any spells.
Your spell library was empty.

Dungeon Overview and Level Annotations

Branches:
Dungeon (4/15)
 Temple: D:4-7

Altars:
Vehumet
Yredelemnul


Innate Abilities, Weirdness & Mutations

Your plain brown scales are hard. (AC +6)
You cannot fit into any form of body armour.
You are cold-blooded and may be slowed by cold attacks.


Message History

A quokka comes into view.
The iguana completely misses you.
The quokka moves out of view.
You hit the iguana but do no damage. The iguana bites you.
* * * LOW HITPOINT WARNING * * *
The iguana misses you.
You eat one of the 6 rations.
That ration really hit the spot!
The orc wizard shouts!
The iguana bites you.
* * * LOW HITPOINT WARNING * * *
The iguana bites you.
* * * LOW HITPOINT WARNING * * *
Okay, then.
Your skin crawls.
You feel resistant to hostile enchantments.
You feel quite a bit more hungry. The iguana closely misses you.
The orc wizard gestures wildly while chanting.
The orc wizard flickers and vanishes!
Deactivating autopickup; reactivate with Ctrl-A.
The iguana bites you!
You die...

# .# ##.# ...
###.##### ####
#........ #...
#<.......
#...###o...r...
#...@lho{......
#...###l..>....
#<.. #........
#... ##.#####o
#### .# .# .. .


You could see an iguana, 2 orcs, a quokka (wandering), a jackal and a frilled
lizard.

Vanquished Creatures
  A vampire bat (D:3)
  A hound (D:4)
  An orc wizard (D:4)
  A worker ant (D:3)
  7 adders
  2 oozes (D:2)
  A worm (D:2)
  A dart slug (D:2)
  3 fire bats (D:3)
  8 leopard geckos
  3 orcs
  2 spectral bats (D:3)
  A ball python (D:1)
  3 bat skeletons (D:3)
  A bat zombie (D:3)
  6 giant cockroaches
  2 gnoll zombies (D:3)
  4 goblins
  11 hobgoblins (D:2)
  11 jackals
  A quokka (D:2)
  12 bats
  A bat simulacrum (D:3)
  9 frilled lizards
  8 kobolds
  11 rats
112 creatures vanquished.

Notes
Turn   | Place    | Note
-------+----------+-------------------------------------------
     0 | D:1      | Balder the Draconian Berserker began the quest for the Orb.
     0 | D:1      | Reached XP level 1. HP: 19/19 MP: 1/1
   221 | D:1      | Reached XP level 2. HP: 26/26 MP: 2/2
   664 | D:2      | Reached ** piety under Trog
   765 | D:2      | Reached XP level 3. HP: 27/33 MP: 3/3
  1214 | D:2      | Reached skill level 4 in Maces & Flails
  1228 | D:2      | Reached XP level 4. HP: 39/40 MP: 4/4
  1373 | D:2      | Reached skill level 1 in Throwing
  1813 | D:3      | Found a radiant altar of Vehumet.
  1818 | D:3      | Reached XP level 5. HP: 42/46 MP: 5/5
  2110 | D:3      | Found a basalt altar of Yredelemnul.
  2166 | D:3      | Reached *** piety under Trog
  2175 | D:3      | Reached skill level 5 in Maces & Flails
  2297 | D:3      | Reached XP level 6. HP: 50/53 MP: 6/6
  2814 | D:4      | Mangled by an iguana

Illustrated notes

Levels and vault maps discovered:
D:1:      shiori_arrival_elements, layout_basic
D:2:      minmay_thinvault, layout_rooms, minivault_25
D:3:      layout_loops_ring, lemuel_zombie_altar_yredelemnul,
          lemuel_crystal_altar, first_ration, goddamned_bats
D:4:      layout_rooms, gammafunk_temple_overflow_pools, enter_ossuary_1,
          uniq_natasha

Skill      XL: |  1  2  3  4  5 |
---------------+----------------+-----
Dodging        | 3 |  3.9
Maces & Flails | 4 5 |  5.3
Throwing       | 1 |  1.8
Fighting       | 4 |  4.5
Stealth        | |  0.3

Action                   |  1- 3 |  4- 6 || total
-------------------------+-------+-------++-------
Melee: Mace              |   121 |   241 ||   362
       Tailslap          |     5 |    24 ||    29
Throw: Javelin           |       |     7 ||     7
       Dart              |       |     1 ||     1
Invok: Trog's Hand       |     1 |     4 ||     5
       Berserk           |       |     1 ||     1
  Use: Potion            |       |     1 ||     1
 Stab: Distracted        |       |     1 ||     1
       Sleeping          |       |     1 ||     1
  Eat: Chunk             |     1 |     7 ||     8
       Ration            |       |     1 ||     1
Armor: Skin              |    28 |   147 ||   175
Dodge: Dodged            |    87 |   338 ||   425
